 Dungeon Crawl Stone Soup version 0.22.1-1-ga44c0e5 (webtiles) character file.

497 dohliylev the Covert (level 6, 0/41 HPs)
             Began as a Vampire Enchanter on Oct 13, 2018.
             Slain by Edmund
             ... wielding a +0 flail of holy wrath
              (5 damage)
             ... on level 4 of the Dungeon on Oct 23, 2018.
             The game lasted 00:13:59 (2591 turns).

dohliylev the Covert (Vampire Enchanter)            Turns: 2591, Time: 00:14:00

Health: 0/41       AC:  2    Str:  7    XL:     6   Next: 93%
Magic:  2/9        EV: 13    Int: 20    God:
Gold:   71         SH:  0    Dex: 14    Spells: 3/9 levels left

rFire    + . .     SeeInvis +   j - +1 short sword (speed)
rCold    x . .     Gourm    .   (no shield)
rNeg     . . .     Faith    .   b - +0 robe
rPois    +         Spirit   .   (no helmet)
rElec    .         Reflect  .   (no cloak)
rCorr    .         Harm     .   (no gloves)
MR       .....                  (no boots)
Stlth    ++++......             (no amulet)
HPRegen  0.33/turn              g - ring of fire
MPRegen  0.11/turn              e - ring of poison resistance

@: regenerating quickly
A: fangs 3, see invisible, unbreathing
a: no special abilities


You were on level 4 of the Dungeon.
You were very full.

You visited 1 branch of the dungeon, and saw 4 of its levels.

You collected 71 gold pieces.

Inventory:

Hand Weapons
 j - a +1 short sword of speed (weapon)
Armour
 b - a +0 robe (worn)
Jewellery
 e - a ring of poison resistance (right hand)
 g - a ring of fire (left hand)
Scrolls
 a - a scroll of teleportation {unknown}
 h - 2 scrolls of enchant weapon
 i - a scroll of magic mapping {unknown}
 l - 5 scrolls of identify
 o - a scroll of amnesia {unknown}
Potions
 c - a potion of berserk rage {unknown}
 d - 6 potions of blood
 f - a potion of heal wounds {unknown}
 k - 2 potions of haste {unknown}
 p - a potion of degeneration {unknown}
 r - a potion of cancellation {unknown}


   Skills:
 + Level 5.1 Short Blades
 + Level 3.1 Dodging
 - Level 9.0 Stealth
 - Level 2.1 Spellcasting
 - Level 4.5 Hexes


You had 3 spell levels left.
You knew the following spells:

 Your Spells              Type           Power        Failure   Level  Hunger
a - Corona                Hex            ###....      2%          1    #......
b - Ensorcelled Hibernat  Hex/Ice        ##....       10%         2    ##.....
c - Confuse               Hex            ###.....     8%          3    ###....

Your spell library contained the following spells:

 Spells                   Type           Power        Failure   Level  Hunger
 Tukima's Dance           Hex            ###.....     8%          3    ###....
 Dazzling Spray           Conj/Hex       ##....       19%         3    ###....


Dungeon Overview and Level Annotations

Branches:
Dungeon (4/15)
 Temple: D:4-7

Altars:
Ru
Vehumet
Xom
Zin

Annotations:
D:4 Edmund


Innate Abilities, Weirdness & Mutations

Your natural rate of healing is unusually fast.
You have razor-sharp teeth.
You have supernaturally acute eyesight. (SInv)
You can survive without breathing.


Message History

You convulse.
Casting: Ensorcelled Hibernation (safe; 10% risk of failure)
Confirm with . or Enter, or press ? or * to list all spells.
Aiming: Ensorcelled Hibernation (safe; 10% risk of failure)
Press: ? - help, Shift-Dir - straight line, f/p - Edmund
Aim: Edmund, wielding a flail of holy wrath and wearing a scale mail (almost Edmund resists with some effort.
Edmund hits you with a flail of holy wrath!
* * * LOW HITPOINT WARNING * * *
You convulse!
* * * LOW HITPOINT WARNING * * *
Found an amethyst potion.
You see here an amethyst potion.
Edmund gestures with his flail.
Edmund says, "People accused me of being a cutpurse!"
An adder skeleton comes into view.
Edmund hits you with a flail of holy wrath.
* * * LOW HITPOINT WARNING * * *
You convulse.
You die...

#.# ##.# #.#
#..# #.# #.##
..# #.# ###
#Z# #.#
############.#
#.@Z......!..#
#@############
..........#
.##..Z#.#.#
##.##.#.# #.
..# # # ###


You could see Edmund, an adder skeleton (dormant) and a hound skeleton.

Vanquished Creatures
  Grinder (D:3)
  A scorpion (D:4)
  An orc priest (D:3)
  An orc wizard (D:3)
  Terence (D:3)
  A worker ant (D:4)
  A howler monkey zombie (D:2)
  5 adders
  2 oozes
  A worm (D:1)
  3 dart slugs
  4 leopard geckos
  3 orcs
  A ball python (D:2)
  3 giant cockroaches
  4 goblins
  9 hobgoblins
  4 jackals (D:1)
  4 kobolds
  A quokka (D:1)
  11 bats
  5 frilled lizards
  5 rats
72 creatures vanquished.

Notes
Turn   | Place    | Note
-------+----------+-------------------------------------------
     0 | D:1      | dohliylev the Vampire Enchanter began the quest for the
                  | Orb.
     0 | D:1      | Reached XP level 1. HP: 13/13 MP: 3/3
   463 | D:1      | Reached skill level 5 in Stealth
   501 | D:1      | Reached XP level 2. HP: 19/19 MP: 3/5
   505 | D:1      | Learned a level 2 spell: Ensorcelled Hibernation
  1218 | D:1      | Reached skill level 6 in Stealth
  1218 | D:1      | Reached XP level 3. HP: 24/24 MP: 0/6
  1547 | D:2      | Reached skill level 7 in Stealth
  1547 | D:2      | Reached XP level 4. HP: 17/30 MP: 7/7
  1832 | D:3      | Reached skill level 8 in Stealth
  1861 | D:3      | Reached XP level 5. HP: 35/35 MP: 8/8
  1940 | D:3      | Reached skill level 9 in Stealth
  1945 | D:3      | Learned a level 3 spell: Confuse
  2017 | D:3      | Noticed Grinder
  2095 | D:3      | Killed Grinder
  2095 | D:3      | Reached XP level 6. HP: 37/41 MP: 6/9
  2197 | D:3      | Found a hide-covered altar of Uskayaw.
  2199 | D:3      | Found a glowing silver altar of Zin.
  2199 | D:3      | Found a shadowy altar of Dithmenos.
  2201 | D:3      | Found a shimmering altar of Xom.
  2201 | D:3      | Found a radiant altar of Vehumet.
  2201 | D:3      | Found a sacrificial altar of Ru.
  2262 | D:3      | HP: 2/41 [frilled lizard (3)]
  2355 | D:3      | Noticed Terence
  2362 | D:3      | Killed Terence
  2445 | D:4      | Reached skill level 5 in Short Blades
  2502 | D:4      | Noticed Edmund
  2591 | D:4      | Slain by Edmund

Skill      XL: |  1  2  3  4  5  6 |
---------------+-------------------+-----
Stealth        | 5 6 7 8 9 |  9.0
Short Blades   | 4 5 |  5.1
Dodging        | 3 |  3.1
Spellcasting   | |  2.1
Hexes          | |  4.5

Action                   |  1- 3 |  4- 6 || total
-------------------------+-------+-------++-------
Melee: Short sword       |   113 |   127 ||   240
       Dagger            |     7 |       ||     7
       Bite              |    11 |     5 ||    16
 Cast: Corona            |     5 |       ||     5
       Ensorcelled Hiber |    17 |    22 ||    39
       Confuse           |       |     3 ||     3
  Use: Potion            |     3 |     2 ||     5
       Scroll            |       |     4 ||     4
 Stab: Sleeping          |    15 |    22 ||    37
       Confused          |       |     2 ||     2
  Eat: Corpse            |    13 |     5 ||    18
Armor: Robe              |    24 |    11 ||    35
Dodge: Dodged            |    90 |    85 ||   175
